 Dungeon Crawl Stone Soup version 0.30-a0-310-g7d6cbdfea6 (webtiles) character file.

Game seed: 7452859463013791238

667 bande the Chopper (level 7, 0/44 HPs)
             Began as a Gargoyle Fighter on Oct 25, 2022.
             Slain by Edmund
             ... wielding a +5 flail of protection
              (1 damage)
             ... on level 4 of the Dungeon.
             The game lasted 00:05:53 (2973 turns).

bande the Chopper (Gargoyle Fighter)                Turns: 2973, Time: 00:05:53

Health: 0/44       AC: 14    Str: 26    XL:     7   Next: 57%
Magic:  7/7        EV:  9    Int:  8    God:
Gold:   125        SH:  4    Dex: 11    Spells: 6/6 levels left

rFire   . . .      SeeInvis .    a - +1 war axe
rCold   . . .      Faith    .    c - +0 buckler
rNeg    + . .      Spirit   .    b - +0 scale mail
rPois   ∞          Reflect  .    m - +1 helmet
rElec   +          Harm     .    (no cloak)
rCorr   .          Rampage  .    (no gloves)
Will    .....                    (no boots)
Stlth   ..........               (no amulet)
HPRegen 0.27/turn                f - +6 ring of strength
MPRegen 0.10/turn                (no ring)

@: no status effects
A: sickness immunity, AC +4, negative energy resistance 1, electricity
resistance, torment resistance 1, petrification resistance
a: no special abilities


You were on level 4 of the Dungeon.
You visited 1 branch of the dungeon, and saw 4 of its levels.

You collected 195 gold pieces.
You spent 70 gold pieces at shops.

Inventory:

Hand Weapons
 a - a +1 war axe (weapon)
 l - a +0 dagger
Armour
 b - a +0 scale mail (worn)
 c - a +0 buckler (worn)
 m - a +1 helmet (worn)
Jewellery
 f - a +6 ring of strength (left hand)
 h - a ring of fire
 r - an amulet of faith
Wands
 g - a wand of mindburst (11)
 i - a wand of digging (6)
 j - a wand of roots (8)
 s - a wand of paralysis (7)
Scrolls
 e - a scroll of fear
 k - a scroll of enchant weapon
 v - a scroll of enchant armour
Potions
 d - 3 potions of might
 n - 2 potions of ambrosia
 o - 2 potions of degeneration {unknown}
 p - a potion of flight {unknown}
 t - a potion of invisibility {unknown}
 u - a potion of magic {unknown}
 w - a potion of brilliance {unknown}
 x - a potion of resistance {unknown}
 z - a potion of lignification {unknown}


   Skills:
 + Level 4.6 Fighting
 + Level 5.3 Axes
 + Level 5.1 Armour
 + Level 4.0 Shields
 * Level 1.8 Evocations


You had 6 spell levels left.
You didn't know any spells.
Your spell library contained the following spells:

 Spells                   Type           Power      Damage    Failure   Level
 Slow                     Hex            0%         N/A       77%         1
 Wereblood                Tmut           0%         N/A       88%         2
 Confusing Touch          Hex            0%         N/A       98%         3
 Vampiric Draining        Necr           0%         2d6       98%         3
 Summon Hydra             Summ           0%         N/A       100%        7
 Sublimation of Blood     Necr           Unusable   N/A       N/A         2

Dungeon Overview and Level Annotations

Branches:
Dungeon (4/15)
 Temple: D:4-7

Altars:
Makhleb

Shops:
D:1 (   D:2 !   D:4 ?

Annotations:
D:3 2 transporters, tonyyikes's ghost, amateur DrAE
D:4 Edmund


Innate Abilities, Weirdness & Mutations

You are immune to sickness and miasma.
Your stone body is resilient. (AC +4)
You are immune to poison.
You resist negative energy. (rN+)
You are resistant to electric shocks. (rElec)
You are resistant to unholy torment.
You are immune to petrification.


Message History

Edmund shouts!
Found a burning altar of Makhleb.
Edmund is nearby!
There is an open door here.
You slash Edmund!
Edmund is lightly wounded.
Edmund hits you with a +5 flail of protection!
Edmund hits you but does no damage.
You slash Edmund!
Edmund is heavily wounded.
Edmund hits you with a +5 flail of protection!
You hit Edmund but do no damage.
Edmund is heavily wounded.
Edmund closely misses you.
You hit Edmund but do no damage.
Edmund is heavily wounded.
Edmund hits you with a +5 flail of protection!
You closely miss Edmund.
Edmund is heavily wounded.
Edmund barely misses you. Edmund closely misses you.
You closely miss Edmund.
Edmund is heavily wounded.
Edmund hits you with a +5 flail of protection!
* * * LOW HITPOINT WARNING * * *
You slash Edmund!
Edmund is almost dead.
Edmund hits you with a +5 flail of protection.
* * * LOW HITPOINT WARNING * * *
You feel much better.
Edmund hits you with a +5 flail of protection!
You hit Edmund but do no damage.
Edmund is almost dead.
Edmund hits you with a +5 flail of protection.
* * * LOW HITPOINT WARNING * * *
Edmund hits you with a +5 flail of protection!
* * * LOW HITPOINT WARNING * * *
You closely miss Edmund.
Edmund is almost dead.
Edmund hits you with a +5 flail of protection.
You die...

##.......##......
###.......<.#....##
##.>§...............
##.§≈######......####
#..§##⌠#⌠###......##.
##.≈#≈≈≈§≈##.[))###..
###..≈#≈...§####...##..
##....≈#≈...§§#.........
#......@@.§.§##..###..#.
#.....≈#≈...≈⌠#.###.....
###...≈#≈...≈##(###..##.
#....≈#≈≈≈≈≈##.##..####
####...#≈##⌠#⌠###..#...# #
#.......≈≈######.#>##.####
#..............†.#.....#..
##.............##......###.
#..........###.####........


You could see Edmund.

Vanquished Creatures
  Sigmund (D:2)
  Menkaure (D:4)
  Duvessa (D:4)
  A phantom (D:4)
  Dowan (D:4)
  Terence (D:2)
  An iguana (D:4)
  Robin (D:2)
  5 adders
  A worm (D:4)
  2 dart slugs
  An orc (D:3)
  3 bats
  4 endoplasms
  A giant cockroach (D:3)
  5 hobgoblins
  9 jackals (D:2)
  A quokka (D:4)
  5 ball pythons
  A frilled lizard (D:3)
  12 goblins
  9 kobolds
  4 rats
71 creatures vanquished.

Vanquished Creatures (others)
  A fungus (D:4)
1 creature vanquished.

Grand Total: 72 creatures vanquished

Notes
Turn   | Place    | Note
-------+----------+-------------------------------------------
     0 | D:1      | bande the Gargoyle Fighter began the quest for the Orb.
     0 | D:1      | Reached XP level 1. HP: 14/14 MP: 1/1
    62 | D:1      | Reached XP level 2. HP: 14/19 MP: 2/2
   154 | D:1      | Found Cofi's Weapon Emporium.
   349 | D:1      | You fall into a shaft and drop 1 floor!
   439 | D:2      | Found Wylim's Distillery.
   444 | D:2      | Found a faded altar of an unknown god.
   466 | D:2      | Bought a potion of heal wounds for 70 gold pieces
   535 | D:2      | Reached XP level 3. HP: 23/23 MP: 3/3
   619 | D:2      | Noticed Robin
   631 | D:2      | Killed Robin
   639 | D:2      | Reached XP level 4. HP: 22/29 MP: 4/4
   680 | D:2      | Noticed Sigmund
   692 | D:2      | Killed Sigmund
   693 | D:2      | Reached XP level 5. HP: 27/34 MP: 5/5
   869 | D:2      | Noticed Terence
   876 | D:2      | Killed Terence
   877 | D:2      | Reached XP level 6. HP: 31/39 MP: 6/6
  1186 | D:2      | Identified the +6 whip of the Devouring Fox {venom, rF+
                  | Will+ rCorr Str+6}
  1664 | D:3      | Noticed tonyyikes's ghost (amateur DrAE)
  1665 | D:3      | Found a transporter.
  1665 | D:3      | Found a transporter.
  1665 | D:3      | Identified the +10 great mace of Ostrazouck {venom, Fly
                  | rCorr Dex-4 Stlth+}
  2066 | D:4      | Noticed Dowan
  2067 | D:4      | Noticed Duvessa
  2082 | D:4      | Killed Duvessa
  2083 | D:4      | Reached skill level 1 in Evocations
  2090 | D:4      | Killed Dowan
  2091 | D:4      | Reached XP level 7. HP: 22/44 MP: 7/7
  2371 | D:4      | Reached skill level 5 in Axes
  2399 | D:4      | Found Xiehot's Magic Scroll Shop.
  2402 | D:4      | Noticed Menkaure
  2410 | D:4      | Killed Menkaure
  2411 | D:4      | Reached skill level 5 in Armour
  2962 | D:4      | Found a burning altar of Makhleb.
  2962 | D:4      | Noticed Edmund
  2972 | D:4      | HP: 1/44 [Edmund/+5 flail of protection (9)]
  2973 | D:4      | Slain by Edmund

Illustrated notes

Levels and vault maps discovered:
D:1:      lightli_arrival_quake, layout_rooms, serial_shops, shop, fountainhead
D:2:      layout_loops_ring, basic_ecumenical_altar, serial_shops, shop,
          uniq_sigmund, uniq_terence, uniq_robin
D:3:      layout_loops_ring, gammafunk_ghost_smash, minmay_cupped
D:4:      layout_cave_pools, lightli_temple_of_fire, minmay_tree_intersection,
          nicolae_take_the_stairs, kennysheep_small_circle, uniq_duvessa,
          uniq_edmund, uniq_crazy_yiuf_cottage, uniq_menkaure

Skill      XL: |  1  2  3  4  5  6  7 |
---------------+----------------------+-----
Axes           | 2 3 4 5 |  5.3
Fighting       | 4 |  4.6
Armour         | 4 5 |  5.1
Evocations     | 1 |  1.8
Shields        | 4 |  4.0

Action                   |  1- 3 |  4- 6 |  7- 9 || total
-------------------------+-------+-------+-------++-------
Melee: War axe           |   104 |   111 |    35 ||   250
  Use: Potion            |       |     2 |     1 ||     3
       Scroll            |       |    10 |       ||    10
Armor: Scale mail        |    57 |    57 |    14 ||   128
Dodge: Dodged            |    52 |    53 |    18 ||   123
Block: Buckler           |    20 |    27 |     7 ||    54

Table legend: (Time is in decaauts)
 A = Elapsed time spent in this place.
 B = Non-inter-level travel time spent in this place.
 C = Inter-level travel time spent in this place.
 D = Time resting spent in this place.
 E = Time spent auto-exploring this place.
 F = Levels seen in this place.
 G = Mean time per level.
                   A        B        C        D        E       F      G
               +--------+--------+--------+--------+--------+-----+--------+
         Total |   3063 |   3050 |     13 |    734 |   1652 |   4 |  765.8 |
       Dungeon |   3063 |   3050 |     13 |    734 |   1652 |   4 |  765.8 |
               +--------+--------+--------+--------+--------+-----+--------+

Top non-repeatable levels by time:
     D:2: 1044 daAuts
     D:4: 1010 daAuts
     D:3: 637 daAuts
     D:1: 370 daAuts
